TOP OF THE 1ST |
Broken Arrow HS batting - Pitching for Indianapolis HS Rifles : RHP Elwood Barrett
|
Pitching: RHP Elwood Barrett
|
|
Batting: LHB José Esparza
|
0-0: Ball 1-0: Ball 2-0: Fly out, F5 (Popup, 5)
|
Batting: RHB Jon Bush
|
0-0: Ball 1-0: Called Strike 1-1: Ball 2-1: TRIPLE (Line Drive, 89M)
|
Batting: LHB Brian Lawson
|
0-0: Ball 1-0: Called Strike 1-1: Ground out 4-3 (Groundball, 4M) Jon Bush scores
|
Batting: RHB Steve Boyer
|
0-0: Ball 1-0: Called Strike 1-1: Ball 2-1: Fly out, F7 (Line Drive, 7S)
|
Top of the 1st over - 1 run(s), 1 hit(s), 0 error(s), 0 left on base; Broken Arrow HS 1 - Indianapolis HS 0 |
BOTTOM OF THE 1ST |
Indianapolis HS Rifles batting - Pitching for Broken Arrow HS : LHP José Colón
|
Pitching: LHP José Colón
|
|
Batting: LHB Sam Fuller
|
0-0: Foul Ball, location: 2F 0-1: Ball 1-1: Foul Ball, location: 2F 1-2: Foul Ball, location: 2F 1-2: SINGLE (Line Drive, 5)
|
Batting: LHB Jason Welch
|
0-0: Swinging Strike 0-1: Foul Ball, location: 2F 0-2: SINGLE (Groundball, 34) (infield hit) Sam Fuller to second
|
Batting: RHB Juan Valdéz
|
0-0: Ball 1-0: Foul Ball, location: 2F 1-1: Ball 2-1: Foul Ball, location: 2F 2-2: Foul Ball, location: 2F 2-2: Foul Ball, location: 2F 2-2: SINGLE (Groundball, 34D) Sam Fuller to third Jason Welch to second Runner from 3rd tries for Home, throw and OUT!
|
Batting: LHB Dave Sanders
|
0-0: Grounds into double play, 6-4-3 (Groundball, 6)
|
Bottom of the 1st over - 0 run(s), 3 hit(s), 0 error(s), 1 left on base; Broken Arrow HS 1 - Indianapolis HS 0 |
TOP OF THE 2ND |
Broken Arrow HS batting - Pitching for Indianapolis HS Rifles : RHP Elwood Barrett
|
Batting: LHB Jesús Zamora
|
0-0: Ball 1-0: Ball 2-0: Ball 3-0: Base on Balls
|
Batting: RHB Ramón Santos
|
0-0: Ball 1-0: Called Strike 1-1: Fly out, F7 (Flyball, 7D)
|
Batting: SHB Pedro Sousa
|
Pickoff Throw to First - Out! 0-0: Called Strike 0-1: SOLO HOME RUN (Flyball, 89XD), Distance : 429 ft
|
Batting: RHB Chris Lancaster
|
0-0: Called Strike 0-1: Ball 1-1: Fly out, F9 (Line Drive, 9LM)
|
Top of the 2nd over - 1 run(s), 1 hit(s), 0 error(s), 0 left on base; Broken Arrow HS 2 - Indianapolis HS 0 |
BOTTOM OF THE 2ND |
Indianapolis HS Rifles batting - Pitching for Broken Arrow HS : LHP José Colón
|
Batting: RHB Joe Farrell
|
0-0: Swinging Strike 0-1: Ball 1-1: Ball 2-1: DOUBLE (Line Drive, 89XD)
|
Batting: LHB Benny Marte
|
0-0: Ball 1-0: Foul Ball, location: 2F 1-1: Swinging Strike 1-2: Fly out, F8 (Flyball, 78M)
|
Batting: RHB Wesley Wood
|
0-0: Ball 1-0: Ball 2-0: Reached via error on a dropped throw, E3 Joe Farrell to third
|
Batting: LHB Tim Howell
|
0-0: Ball 1-0: Called Strike 1-1: Ball 2-1: Ball 3-1: Base on Balls Wesley Wood to second
|
Batting: RHB Tom Jones
|
0-0: Called Strike 0-1: DOUBLE (Line Drive, 9LM) Joe Farrell scores Wesley Wood scores Tim Howell to third
|
Batting: LHB Sam Fuller
|
0-0: Ball 1-0: Ball 2-0: Ball 3-0: Base on Balls
|
Batting: LHB Jason Welch
|
0-0: Ball 1-0: Ball 2-0: Foul Ball, location: 2F 2-1: Foul Ball, location: 2F 2-2: Ball 3-2: Grounds into double play, 6-4-3 (Groundball, 6)
|
Bottom of the 2nd over - 2 run(s), 2 hit(s), 1 error(s), 2 left on base; Broken Arrow HS 2 - Indianapolis HS 2 |
TOP OF THE 3RD |
Broken Arrow HS batting - Pitching for Indianapolis HS Rifles : RHP Elwood Barrett
|
Batting: LHB Dennis Montgomery
|
0-0: Ball 1-0: Called Strike 1-1: Ball 2-1: Foul Ball, location: 2F 2-2: Reached on error, E6 (Groundball, 56)
|
Batting: LHB José Esparza
|
0-0: Ball 1-0: Foul Ball, location: 2F 1-1: Fly out, F4 (Line Drive, 4)
|
Batting: RHB Jon Bush
|
0-0: Called Strike 0-1: Ball 1-1: DOUBLE (Line Drive, 78M) Dennis Montgomery to third
|
Batting: LHB Brian Lawson
|
0-0: Foul Ball, location: 2F 0-1: Foul Ball, location: 2F 0-2: Ball 1-2: Fly out, F8 (Flyball, 8LM)
|
Batting: RHB Steve Boyer
|
0-0: Ball 1-0: Ball 2-0: Foul Ball, location: 2F 2-1: Called Strike 2-2: SINGLE (Line Drive, 8LS) Dennis Montgomery scores Jon Bush to third Runner from 3rd tries for Home, SAFE, no throw
|
Batting: LHB Jesús Zamora
|
0-0: Ball 1-0: Fielders Choice at 2nd, 4-6 (Groundball, 4D)
|
Top of the 3rd over - 2 run(s), 2 hit(s), 1 error(s), 0 left on base; Broken Arrow HS 4 - Indianapolis HS 2 |
BOTTOM OF THE 3RD |
Indianapolis HS Rifles batting - Pitching for Broken Arrow HS : LHP José Colón
|
Batting: RHB Juan Valdéz
|
0-0: Foul Ball, location: 2F 0-1: SINGLE (Line Drive, 89M)
|
Batting: LHB Dave Sanders
|
0-0: Ball 1-0: Ball 2-0: Ball 3-0: Called Strike 3-1: Called Strike 3-2: Base on Balls Juan Valdéz to second
|
Batting: RHB Joe Farrell
|
0-0: Called Strike 0-1: Ball 1-1: Ball 2-1: Fly out, F9 (Flyball, 9D) Runner from 2nd tags up, SAFE at 3rd, no throw
|
Batting: LHB Benny Marte
|
0-0: Called Strike 0-1: Ball 1-1: Foul Ball, location: 2F 1-2: Ball 2-2: Ball 3-2: Foul Ball, location: 2F 3-2: Foul Ball, location: 2F 3-2: Fly out, F8 (Flyball, 8RM) Runner from 3rd tags up, SCORES, throw made
|
Batting: RHB Wesley Wood
|
0-0: Ball 1-0: Called Strike 1-1: DOUBLE (Flyball, 8LD) Dave Sanders to third
|
Batting: LHB Tim Howell
|
0-0: Ball 1-0: Foul Ball, location: 2F 1-1: Foul Ball, location: 2F 1-2: Foul Ball, location: 2F 1-2: Foul Ball, location: 2F 1-2: Foul Ball, location: 2F 1-2: Ball 2-2: Foul Ball, location: 2F 2-2: Foul Ball, location: 2F 2-2: Foul Ball, location: 2F 2-2: SINGLE (Groundball, 5L) (infield hit) Dave Sanders scores Wesley Wood to third
|
Batting: RHB Tom Jones
|
0-0: Called Strike 0-1: Foul Ball, location: 2F 0-2: Ball 1-2: Ball 2-2: Foul Ball, location: 2F 2-2: SINGLE (Line Drive, 8LS) Wesley Wood scores Tim Howell to second
|
Pitching: LHP Mike Waller
|
|
Batting: LHB Sam Fuller
|
0-0: Ball 1-0: Foul Ball, location: 2F 1-1: Ball 2-1: Ball 3-1: Foul Ball, location: 2F 3-2: Foul Ball, location: 2F 3-2: Ground out 4-3 (Groundball, 4)
|
Bottom of the 3rd over - 3 run(s), 4 hit(s), 0 error(s), 2 left on base; Broken Arrow HS 4 - Indianapolis HS 5 |
TOP OF THE 4TH |
Broken Arrow HS batting - Pitching for Indianapolis HS Rifles : RHP Elwood Barrett
|
Batting: RHB Ramón Santos
|
0-0: Ball 1-0: Ball 2-0: Ball 3-0: Called Strike 3-1: Foul Ball, location: 2F 3-2: Ground out 6-3 (Groundball, 6)
|
Batting: SHB Pedro Sousa
|
0-0: Ball 1-0: Foul Ball, location: 2F 1-1: Ball 2-1: Foul Ball, location: 2F 2-2: Ground out 4-3 (Groundball, 4)
|
Batting: RHB Chris Lancaster
|
0-0: Ground out 5-3 (Groundball, 5)
|
Top of the 4th over - 0 run(s), 0 hit(s), 0 error(s), 0 left on base; Broken Arrow HS 4 - Indianapolis HS 5 |
BOTTOM OF THE 4TH |
Indianapolis HS Rifles batting - Pitching for Broken Arrow HS : LHP Mike Waller
|
Batting: LHB Jason Welch
|
0-0: Foul Ball, location: 2F 0-1: Ball 1-1: Foul Ball, location: 2F 1-2: Ball 2-2: Foul Ball, location: 2F 2-2: Ball 3-2: Fly out, F3 (Popup, 3L)
|
Batting: RHB Juan Valdéz
|
0-0: Ball 1-0: Ball 2-0: Ball 3-0: Called Strike 3-1: Base on Balls
|
Batting: LHB Dave Sanders
|
0-0: Called Strike 0-1: Ball 1-1: Foul Ball, location: 2F 1-2: Strikes out swinging
|
Batting: RHB Joe Farrell
|
0-0: Swinging Strike 0-1: Called Strike 0-2: Ball 1-2: Ball 2-2: Strikes out swinging
|
Bottom of the 4th over - 0 run(s), 0 hit(s), 0 error(s), 1 left on base; Broken Arrow HS 4 - Indianapolis HS 5 |
TOP OF THE 5TH |
Broken Arrow HS batting - Pitching for Indianapolis HS Rifles : RHP Elwood Barrett
|
Batting: LHB Dennis Montgomery
|
0-0: Swinging Strike 0-1: Ball 1-1: Called Strike 1-2: Ball 2-2: Foul Ball, location: 2F 2-2: Strikes out swinging
|
Batting: LHB José Esparza
|
0-0: Called Strike 0-1: Swinging Strike 0-2: Foul Ball, location: 2F 0-2: Strikes out swinging
|
Batting: RHB Jon Bush
|
0-0: Called Strike 0-1: Called Strike 0-2: Ball 1-2: Fly out, F8 (Flyball, 8LD)
|
Top of the 5th over - 0 run(s), 0 hit(s), 0 error(s), 0 left on base; Broken Arrow HS 4 - Indianapolis HS 5 |
BOTTOM OF THE 5TH |
Indianapolis HS Rifles batting - Pitching for Broken Arrow HS : LHP Mike Waller
|
Batting: LHB Benny Marte
|
0-0: Ball 1-0: Called Strike 1-1: Swinging Strike 1-2: Strikes out looking
|
Batting: RHB Wesley Wood
|
0-0: Ball 1-0: Ball 2-0: Ball 3-0: Called Strike 3-1: SINGLE (Line Drive, 8LS)
|
Batting: LHB Tim Howell
|
0-0: Ball 1-0: Called Strike 1-1: Foul Ball, location: 2F 1-2: Foul Ball, location: 2F 1-2: Ball 2-2: Ground out 3-1 (Groundball, 3) Wesley Wood to second
|
Batting: RHB Tom Jones
|
0-0: Swinging Strike 0-1: Called Strike 0-2: Ball 1-2: Strikes out swinging
|
Bottom of the 5th over - 0 run(s), 1 hit(s), 0 error(s), 1 left on base; Broken Arrow HS 4 - Indianapolis HS 5 |
TOP OF THE 6TH |
Broken Arrow HS batting - Pitching for Indianapolis HS Rifles : RHP Elwood Barrett
|
Batting: LHB Brian Lawson
|
0-0: Ball 1-0: Called Strike 1-1: SOLO HOME RUN (Flyball, 9D), Distance : 379 ft
|
Pitching: LHP Ryan Baker
|
|
Batting: RHB Steve Boyer
|
0-0: Ball 1-0: Foul Ball, location: 2F 1-1: Swinging Strike 1-2: Ball 2-2: Ground out 4-3 (Groundball, 4)
|
Batting: LHB Jesús Zamora
|
0-0: SINGLE (Groundball, 34D)
|
Batting: RHB Ramón Santos
|
0-0: Ball 1-0: Called Strike 1-1: Ball 2-1: Ball 3-1: Fielders Choice at 2nd, 1-4 (Groundball, 15)
|
Batting: SHB Pedro Sousa
|
0-0: Foul Ball, location: 2F 0-1: Ball 1-1: Called Strike 1-2: Strikes out swinging
|
Top of the 6th over - 1 run(s), 2 hit(s), 0 error(s), 1 left on base; Broken Arrow HS 5 - Indianapolis HS 5 |
BOTTOM OF THE 6TH |
Indianapolis HS Rifles batting - Pitching for Broken Arrow HS : LHP Mike Waller
|
Batting: LHB Sam Fuller
|
0-0: Ball 1-0: Foul Ball, location: 2F 1-1: Foul Ball, location: 2F 1-2: Ball 2-2: Ball 3-2: Base on Balls
|
Pitching: RHP Michael Crosby
|
|
Batting: LHB Jason Welch
|
0-0: Called Strike Sam Fuller steals 2nd base 0-1: Called Strike 0-2: Ball 1-2: Strikes out swinging
|
Batting: RHB Juan Valdéz
|
0-0: Ball 1-0: Ball 2-0: Called Strike 2-1: Fly out, F4 (Line Drive, 4M)
|
Batting: LHB Dave Sanders
|
0-0: Called Strike 0-1: Foul Ball, location: 2F 0-2: Foul Ball, location: 2F 0-2: Foul Ball, location: 2F 0-2: Ball 1-2: Ground out 1-3 (Groundball, 13)
|
Bottom of the 6th over - 0 run(s), 0 hit(s), 0 error(s), 1 left on base; Broken Arrow HS 5 - Indianapolis HS 5 |
TOP OF THE 7TH |
Broken Arrow HS batting - Pitching for Indianapolis HS Rifles : LHP Ryan Baker
|
Batting: RHB Chris Lancaster
|
0-0: Ball 1-0: Ball 2-0: SINGLE (Flyball, 8RS)
|
Batting: LHB Dennis Montgomery
|
0-0: Called Strike 0-1: Sac Bunt - play at second, runner OUT! 3-6
|
Batting: LHB José Esparza
|
0-0: Ball 1-0: Swinging Strike 1-1: Ball 2-1: Ball 3-1: Foul Ball, location: 2F 3-2: Base on Balls Dennis Montgomery to second
|
Batting: RHB Jon Bush
|
0-0: Foul Ball, location: 2F 0-1: Fly out, F9 (Line Drive, 9)
|
Batting: LHB Brian Lawson
|
0-0: Foul Ball, location: 2F 0-1: Foul Ball, location: 2F 0-2: Reached on error, E4 (Groundball, 4) Dennis Montgomery to third José Esparza to second
|
Batting: RHB Steve Boyer
|
0-0: Called Strike 0-1: Ball 1-1: Ball 2-1: SINGLE (Line Drive, 7S) Dennis Montgomery scores José Esparza to third Brian Lawson to second
|
Batting: LHB Jesús Zamora
|
0-0: Ball 1-0: Ball 2-0: Called Strike 2-1: Called Strike 2-2: Ball 3-2: Base on Balls José Esparza scores Brian Lawson to third Steve Boyer to second
|
Batting: RHB Ramón Santos
|
0-0: Called Strike 0-1: Ball 1-1: Foul Ball, location: 2F 1-2: Foul Ball, location: 2F 1-2: Strikes out swinging
|
Top of the 7th over - 2 run(s), 2 hit(s), 1 error(s), 3 left on base; Broken Arrow HS 7 - Indianapolis HS 5 |
BOTTOM OF THE 7TH |
Indianapolis HS Rifles batting - Pitching for Broken Arrow HS : RHP Michael Crosby
|
Batting: RHB Joe Farrell
|
0-0: Foul Ball, location: 2F 0-1: Ball 1-1: Ball 2-1: Called Strike 2-2: Ball 3-2: Foul Ball, location: 2F 3-2: DOUBLE (Line Drive, 9LM)
|
Batting: LHB Benny Marte
|
0-0: Ball 1-0: Ball 2-0: Called Strike 2-1: SINGLE (Groundball, 56D) Joe Farrell to third Throwing error, E7 Joe Farrell scores Benny Marte to second
|
Batting: RHB Wesley Wood
|
0-0: Foul Ball, location: 2F 0-1: Fly out, F7 (Flyball, 78D)
|
Batting: LHB Tim Howell
|
0-0: Fly out, F7 (Flyball, 7)
|
Batting: RHB Tom Jones
|
0-0: Ball 1-0: Ball 2-0: Called Strike 2-1: SINGLE (Flyball, 89S) Benny Marte to third Runner from 3rd tries for Home, SAFE, no throw
|
Pitching: RHP Donnie Davenport
|
|
Batting: LHB Sam Fuller
|
0-0: Ball 1-0: Called Strike 1-1: Ball 2-1: SINGLE (Groundball, 4M) (infield hit) Tom Jones to second
|
Batting: LHB Jason Welch
|
0-0: Ball 1-0: Foul Ball, location: 2F 1-1: Swinging Strike 1-2: Ball 2-2: Ball 3-2: Base on Balls Tom Jones to third Sam Fuller to second
|
Batting: RHB Juan Valdéz
|
0-0: Ball 1-0: Ball 2-0: Called Strike 2-1: Called Strike 2-2: Foul Ball, location: 2F 2-2: Foul Ball, location: 2F 2-2: Strikes out swinging
|
Bottom of the 7th over - 2 run(s), 4 hit(s), 1 error(s), 3 left on base; Broken Arrow HS 7 - Indianapolis HS 7 |
TOP OF THE 8TH |
Broken Arrow HS batting - Pitching for Indianapolis HS Rifles : LHP Ryan Baker
|
Batting: SHB Pedro Sousa
|
0-0: Ball 1-0: Called Strike 1-1: Foul Ball, location: 2F 1-2: Ground out 1-3 (Groundball, 15S)
|
Pitching: RHP Victor Kocher
|
|
Batting: RHB Chris Lancaster
|
0-0: Foul Ball, location: 2F 0-1: Ball 1-1: Ball 2-1: Fly out, F7 (Flyball, 7)
|
Pinch Hitting: SHB Philippe Paquin
|
0-0: Foul Ball, location: 2F 0-1: Swinging Strike 0-2: Foul Ball, location: 2F 0-2: Foul Ball, location: 2F 0-2: Strikes out swinging
|
Top of the 8th over - 0 run(s), 0 hit(s), 0 error(s), 0 left on base; Broken Arrow HS 7 - Indianapolis HS 7 |
BOTTOM OF THE 8TH |
Indianapolis HS Rifles batting - Pitching for Broken Arrow HS : RHP Donnie Davenport
|
Now in LF: Philippe Paquin
|
|
Batting: LHB Dave Sanders
|
0-0: Ball 1-0: Called Strike 1-1: SINGLE (Groundball, 4D)
|
Batting: RHB Joe Farrell
|
0-0: Ball 1-0: Fly out, F7 (Flyball, 7D)
|
Batting: LHB Benny Marte
|
0-0: Swinging Strike 0-1: Ball 1-1: Foul Ball, location: 2F 1-2: Strikes out swinging
|
Batting: RHB Wesley Wood
|
0-0: Foul Ball, location: 2F 0-1: Ball 1-1: Foul Ball, location: 2F 1-2: Foul Ball, location: 2F 1-2: Ball 2-2: Ground out 1-3 (Groundball, 13S)
|
Bottom of the 8th over - 0 run(s), 1 hit(s), 0 error(s), 1 left on base; Broken Arrow HS 7 - Indianapolis HS 7 |
TOP OF THE 9TH |
Broken Arrow HS batting - Pitching for Indianapolis HS Rifles : RHP Victor Kocher
|
Pitching: LHP Dave Lee
|
|
Batting: LHB José Esparza
|
0-0: Ball 1-0: Foul Ball, location: 2F 1-1: Foul Ball, location: 2F 1-2: Ball 2-2: Ball 3-2: Base on Balls
|
Batting: RHB Jon Bush
|
0-0: Bunted foul 0-1: Ball 1-1: Bunted foul 1-2: Ball 2-2: Ball 3-2: Fly out, F9 (Flyball, 9S)
|
Batting: LHB Brian Lawson
|
0-0: Swinging Strike 0-1: Ball 1-1: Swinging Strike 1-2: SINGLE (Groundball, 34) (infield hit) José Esparza to second
|
Batting: RHB Steve Boyer
|
0-0: Called Strike 0-1: Ball 1-1: SINGLE (Groundball, 4MD) José Esparza to third Brian Lawson to second Runner from 3rd tries for Home, SAFE, no throw
|
Batting: LHB Jesús Zamora
|
0-0: Ball 1-0: Ball 2-0: Foul Ball, location: 2F 2-1: Ball 3-1: Base on Balls Brian Lawson to third Steve Boyer to second
|
Batting: RHB Ramón Santos
|
0-0: Ball 1-0: Grounds into fielders choice 6-2 (Groundball, 6) Steve Boyer to third Jesús Zamora to second
|
Batting: SHB Pedro Sousa
|
0-0: Called Strike 0-1: Ball 1-1: Ball 2-1: SINGLE (Groundball, 56S) (infield hit) Steve Boyer scores Jesús Zamora to third Ramón Santos to second
|
Batting: RHB Chris Lancaster
|
0-0: Ball 1-0: Ball 2-0: Ball 3-0: Called Strike 3-1: Base on Balls Jesús Zamora scores Ramón Santos to third Pedro Sousa to second
|
Pitching: RHP Brent O'Rourke
|
|
Batting: SHB Philippe Paquin
|
0-0: Reached via error on a dropped throw, E6 Ramón Santos scores Pedro Sousa to third Chris Lancaster to second
|
Batting: LHB José Esparza
|
0-0: Ball 1-0: Called Strike 1-1: Called Strike 1-2: Ball 2-2: Foul Ball, location: 2F 2-2: Ball 3-2: Base on Balls Pedro Sousa scores Chris Lancaster to third Philippe Paquin to second
|
Batting: RHB Jon Bush
|
0-0: Foul Ball, location: 2F 0-1: GRAND SLAM HOME RUN (Flyball, 9LD), Distance : 366 ft
|
Batting: LHB Brian Lawson
|
0-0: Called Strike 0-1: Ball 1-1: Ground out 4-3 (Groundball, 4M)
|
Top of the 9th over - 9 run(s), 4 hit(s), 1 error(s), 0 left on base; Broken Arrow HS 16 - Indianapolis HS 7 |
BOTTOM OF THE 9TH |
Indianapolis HS Rifles batting - Pitching for Broken Arrow HS : RHP Donnie Davenport
|
Batting: LHB Tim Howell
|
0-0: Ball 1-0: Ball 2-0: Ball 3-0: Base on Balls
|
Batting: RHB Tom Jones
|
0-0: Called Strike 0-1: Ball 1-1: Foul Ball, location: 2F 1-2: Foul Ball, location: 2F 1-2: Foul Ball, location: 2F 1-2: Fly out, F7 (Flyball, 7LS)
|
Batting: LHB Sam Fuller
|
0-0: Ball 1-0: Called Strike 1-1: Ball 2-1: Ball 3-1: Called Strike 3-2: Fielders Choice at 2nd, 1-4 (Groundball, 15)
|
Batting: LHB Jason Welch
|
0-0: Swinging Strike 0-1: Swinging Strike 0-2: Ball 1-2: Ball 2-2: Ball 3-2: Base on Balls Sam Fuller to second
|
Batting: RHB Juan Valdéz
|
0-0: Called Strike 0-1: Ball 1-1: Ball 2-1: Ball 3-1: SINGLE (Groundball, 4S) (infield hit) Sam Fuller to third Jason Welch to second
|
Batting: LHB Dave Sanders
|
0-0: Ball 1-0: Fly out, F8 (Flyball, 8LM)
|
Bottom of the 9th over - 0 run(s), 1 hit(s), 0 error(s), 3 left on base; Broken Arrow HS 16 - Indianapolis HS 7 |
|